Map: Heavy Artillery LE

Players

Soulreaver - Winner!

  • Race: Zerg Zerg
  • Spawn Location: 7:00

BussiBärchen - Winner!

  • Race: Protoss Protoss
  • League: Diamond
  • Spawn Location: 7:00

qqq

  • Race: Zerg Zerg
  • Spawn Location: 3:00

Massa

  • Race: Terran Terran
  • League: Platinum
  • Spawn Location: 1:00

VOD

Have the link to the VOD?

Description

Time

  • Played on: March 5, 2021, 5:14 p.m.
  • Length: 11:35
Show
View Real Time Build Order
Export as new Build Order

Soulreaver Zerg - Winner!

Build Orders: Hatch First 

Get SALT Encoding   

  12  0:01  Drone  
  13  0:13  Overlord  
  13  0:18  Drone  
  14  0:31  Drone  
  14  0:33  Drone  
  16  0:49  Hatchery  
  15  0:54  Drone  
  15  0:56  Drone  
  17  1:13  Extractor  
  17  1:14  Spawning Pool  
  17  1:16  Drone  
  16  1:19  Drone  
  17  1:37  Drone x2  
  19  1:49  Overlord  
  19  1:55  Drone  
  20  2:03  Queen x2  
  20  2:07  Drone x2  
  26  2:13  Zergling x4  
  28  2:19  Metabolic Boost  
  28  2:22  Drone  
  29  2:30  Drone  
  30  2:41  Drone x2  
  32  2:54  Drone x2  
  34  2:59  Baneling Nest  
  34  3:03  Overlord  
  34  3:04  Hatchery  
  32  3:16  Drone x4  
  35  3:27  Zergling x8  
  38  3:43  Zergling x6  
  41  3:49  Queen  
  41  3:51  Drone  
  41  3:52  Overlord x2  
  44  3:55  Baneling  
  44  3:56  Baneling  
  44  3:57  Baneling x3  
  44  3:58  Baneling, Overlord x2  
  44  4:11  Zergling x8  
  44  4:12  Zergling x2  
  44  4:16  Queen  
  51  4:25  Zergling x14  
  52  5:00  Zergling x2  
  52  5:01  Zergling x16  
  61  5:11  Drone  
  62  5:28  Drone x2  
  64  5:30  Drone x3  
  64  5:35  Lair  
  67  5:39  Drone x2  
  67  5:40  Drone  
  52  6:16  Zergling x10  
  52  6:17  Zergling x14  
  52  6:18  Zergling x6  
  65  6:46  Zergling x12  
  65  6:47  Zergling x10  
  75  6:58  Drone x2  
  77  7:07  Baneling  
  77  7:08  Baneling x18  
  77  7:10  Drone x3  
  77  7:11  Drone  
  77  7:13  Extractor  
  77  7:15  Extractor  
  57  8:00  Zergling x8  
  57  8:01  Zergling x24  
  68  8:08  Extractor  
  68  8:10  Drone x2  
  68  8:11  Evolution Chamber x2  
  67  8:27  Hatchery  
  67  8:32  Extractor  
  65  8:39  Drone x3  
  65  8:40  Drone x2, Hatchery, Infestation Pit  
  65  8:41  Drone  
  69  8:42  Drone  
  69  8:47  Hatchery  
  69  8:49  Drone x3  
  69  8:51  Extractor  
  69  8:53  Drone x4  
  69  8:54  Drone x2, Overlord x3  
  77  8:58  Zerg Melee Weapons Level 1, Zerg Ground Armor Level 1  
  77  9:07  Overlord  
  77  9:08  Overlord  
  77  9:09  Overlord  
  77  9:18  Zergling x12  
  77  9:19  Zergling x8  
  77  9:23  Hive  
  87  9:32  Pneumatized Carapace  
  87  9:34  Overseer  
  87  9:36  Drone x7  
  94  9:41  Queen  
  96  9:49  Drone  
  96  9:50  Drone x8  
  96  9:51  Drone  
  106  9:57  Zergling x2  
  106  9:58  Zergling x6  
  110  10:01  Baneling  
  110  10:02  Baneling x17  
  110  10:04  Centrifical Hooks  
  110  10:09  Overlord  
  110  10:32  Extractor x2, Drone x3  
  110  10:33  Drone x2  
  110  10:34  Drone  
  114  10:48  Zergling x14, Overlord  
  114  10:49  Ultralisk Cavern, Overlord x8  
  120  10:56  Baneling x3  
  120  10:57  Baneling x5  
Show
View Real Time Build Order
Export as new Build Order

BussiBärchen Protoss - Winner!

Build Orders: Carriers 

Get SALT Encoding   

  12  0:00  Probe  
  13  0:14  Probe  
  14  0:18  Pylon  
  14  0:26  Probe (Chrono Boost)  
  15  0:36  Gateway  
  15  0:40  Probe (Chrono Boost)  
  16  0:47  Assimilator  
  16  0:49  Probe  
  17  1:01  Probe  
  18  1:13  Probe  
  19  1:37  Probe  
  20  1:44  Cybernetics Core  
  20  1:49  Probe  
  21  1:56  Nexus  
  21  2:00  Assimilator  
  21  2:07  Pylon  
  21  2:17  Stalker (Chrono Boost)  
  21  2:18  Probe  
  21  2:22  Warp Gate  
  23  2:38  Pylon  
  23  2:49  Nexus  
  23  2:56  Probe  
  24  3:08  Probe  
  24  3:11  Stargate  
  25  3:18  Probe  
  26  3:20  Probe  
  27  3:30  Probe  
  27  3:32  Probe (Chrono Boost)  
  29  3:35  Stargate  
  29  3:37  Assimilator  
  29  3:44  Void Ray (Chrono Boost)  
  29  3:46  Probe (Chrono Boost)  
  31  3:52  Probe (Chrono Boost)  
  31  3:54  Probe (Chrono Boost)  
  36  3:58  Probe (Chrono Boost)  
  39  4:03  Probe (Chrono Boost)  
  39  4:04  Probe (Chrono Boost)  
  39  4:09  Assimilator  
  40  4:10  Probe (Chrono Boost)  
  40  4:12  Void Ray  
  42  4:17  Probe (Chrono Boost)  
  42  4:18  Probe x2 (Chrono Boost)  
  47  4:25  Probe  
  48  4:43  Probe x3, Void Ray  
  53  4:55  Probe x3  
  53  4:58  Fleet Beacon  
  53  5:07  Probe (Chrono Boost)  
  53  5:08  Probe x2 (Chrono Boost)  
  56  5:19  Probe (Chrono Boost)  
  56  5:20  Probe (Chrono Boost)  
  59  5:25  Probe (Chrono Boost)  
  59  5:27  Probe (Chrono Boost)  
  59  5:28  Pylon  
  60  5:34  Probe (Chrono Boost)  
  61  5:40  Void Ray  
  61  5:43  Flux Vanes  
  61  5:44  Pylon  
  61  5:45  Pylon  
  61  5:46  Probe x2 (Chrono Boost)  
  61  5:48  Probe (Chrono Boost)  
  68  5:51  Probe  
  69  6:26  Void Ray  
  69  6:27  Void Ray  
  77  6:50  Probe x3  
  77  6:52  Assimilator  
  77  6:53  Assimilator  
  80  6:57  Stargate  
  80  6:58  Stargate  
  80  7:02  Probe  
  81  7:10  Pylon  
  81  7:11  Protoss Air Weapons Level 1 (Chrono Boost)  
  81  7:22  Void Ray  
  81  7:25  Nexus  
  81  7:29  Carrier (Chrono Boost), Pylon  
  91  7:33  Pylon  
  91  7:49  Carrier (Chrono Boost)  
  91  7:50  Carrier (Chrono Boost)  
  91  7:54  Probe (Chrono Boost)  
  106  7:59  Probe x2 (Chrono Boost)  
  106  8:03  Probe (Chrono Boost)  
  108  8:07  Probe x2 (Chrono Boost)  
  109  8:36  Carrier (Chrono Boost)  
  109  8:37  Carrier (Chrono Boost)  
  109  8:38  Forge  
  121  8:45  Pylon  
  121  8:48  Pylon  
  121  8:51  Pylon  
  121  8:52  Pylon x2  
  121  9:03  Carrier  
  121  9:06  Carrier  
  129  9:26  Probe (Chrono Boost)  
  129  9:27  Probe x3 (Chrono Boost)  
  129  9:29  Assimilator  
  133  9:32  Assimilator  
  133  9:35  Carrier x2  
  133  9:36  Photon Cannon  
  133  9:37  Photon Cannon  
  133  9:38  Probe (Chrono Boost)  
  148  9:40  Photon Cannon  
  148  9:41  Photon Cannon  
  148  9:44  Probe x3 (Chrono Boost), Photon Cannon  
  149  9:46  Photon Cannon  
  149  9:47  Photon Cannon  
  149  9:56  Pylon  
  150  10:07  Probe, Carrier  
  150  10:11  Carrier  
  170  11:04  Pylon  
  170  11:08  Pylon x2  
Show
View Real Time Build Order
Export as new Build Order

qqq Zerg 

Build Orders: Hatch First 

Get SALT Encoding   

  12  0:06  Drone  
  13  0:19  Drone  
  14  0:23  Overlord  
  14  0:47  Hatchery  
  13  0:52  Drone x2  
  15  1:03  Drone  
  16  1:22  Extractor, Spawning Pool  
  14  1:34  Drone x3  
  17  1:51  Drone  
  18  2:02  Drone x2  
  20  2:14  Queen x2  
  24  2:16  Drone x2  
  26  2:24  Overlord  
  26  2:26  Metabolic Boost  
  26  2:33  Drone  
  26  2:34  Drone  
  28  2:40  Overlord  
  28  2:42  Drone  
  28  2:46  Drone  
  29  2:56  Zergling x4  
  31  3:03  Zergling x2  
  32  3:07  Zergling x2  
  32  3:08  Lair  
  32  3:12  Zergling x2  
  34  3:21  Overlord  
  34  3:25  Zergling x4  
  36  3:32  Evolution Chamber  
  36  3:33  Zergling x4  
  36  3:34  Overlord  
  36  3:37  Overlord  
  36  3:50  Drone  
  36  3:54  Drone  
  36  3:55  Drone  
  39  3:56  Hatchery  
  38  4:03  Zerg Ground Armor Level 1  
  38  4:05  Zergling x2  
  38  4:08  Zergling x2  
  40  4:10  Zergling x2  
  40  4:12  Zergling x2  
  40  4:14  Zergling x2  
  43  4:35  Zergling x2  
  43  4:36  Drone x2, Zergling x6  
  48  4:41  Spore Crawler  
  48  4:42  Hydralisk Den  
  48  4:43  Spore Crawler  
  38  5:02  Drone  
  38  5:03  Drone x5  
  38  5:06  Extractor  
  43  5:11  Drone x2  
  45  5:14  Drone  
  45  5:15  Queen  
  48  5:26  Hydralisk  
  48  5:27  Drone x2  
  48  5:28  Drone x2  
  54  5:36  Drone x3  
  54  5:37  Drone x2  
  58  5:57  Zerg Missile Weapons Level 1  
  58  5:58  Hydralisk x2  
  58  6:00  Hydralisk  
  63  6:06  Extractor  
  63  6:07  Extractor  
  60  6:22  Muscular Augments  
  58  6:38  Hydralisk x2  
  60  6:50  Hydralisk  
  59  7:02  Baneling Nest  
  59  7:03  Spore Crawler  
  59  7:06  Drone x5, Spore Crawler  
  59  7:07  Drone x5  
  66  7:08  Overlord x2  
  66  7:09  Overlord  
  66  7:33  Spawning Pool, Grooved Spines  
  66  7:35  Drone x2  
  66  7:36  Drone x3  
  66  7:56  Hydralisk x6  
  78  8:03  Drone x3  
  81  8:18  Hydralisk x4  
  89  8:21  Spore Crawler  
  87  8:30  Spore Crawler  
  87  8:32  Spore Crawler  
  85  8:34  Spore Crawler  
  85  8:35  Drone x3  
  85  8:36  Drone x2, Spore Crawler  
  88  8:44  Zerg Ground Armor Level 2  
  88  8:45  Hydralisk  
  88  8:47  Overlord x2  
  90  9:04  Hatchery  
  90  9:05  Overlord x3  
  89  9:11  Queen  
  91  9:22  Hatchery  
  91  9:24  Queen  
  90  9:25  Drone x4  
  90  9:26  Drone, Hydralisk x2  
  90  9:31  Drone  
  102  9:43  Hydralisk x3  
  108  9:48  Spore Crawler x2  
  108  9:52  Lurker Den  
  105  9:53  Baneling x2  
  105  9:58  Hatchery  
  105  10:11  Hydralisk x3  
  105  10:12  Hydralisk x5  
  105  10:13  Hydralisk  
  123  10:32  Hydralisk  
  123  10:33  Hydralisk x2  
  129  10:57  Overlord  
  129  10:58  Overlord x8  
  129  10:59  Overlord x2  
  129  11:04  Infestation Pit  
  129  11:09  Zergling x2  
  129  11:10  Zergling x14  
Show
View Real Time Build Order
Export as new Build Order

Massa Terran 

Build Orders:  

Get SALT Encoding   

  12  0:00  SCV  
  13  0:12  SCV  
  14  0:20  Supply Depot  
  14  0:25  SCV  
  15  0:42  SCV  
  16  0:46  Refinery, Barracks  
  16  0:54  SCV  
  17  1:06  SCV  
  18  1:18  SCV  
  18  1:30  SCV  
  19  1:43  SCV  
  20  1:55  SCV  
  20  2:00  Marine  
  22  2:17  Command Center  
  22  2:20  Orbital Command  
  22  2:31  Factory  
  22  2:37  Barracks Reactor  
  22  2:47  SCV  
  22  2:49  Supply Depot  
  23  2:54  Supply Depot  
  23  3:04  Engineering Bay  
  23  3:08  Refinery  
  23  3:10  SCV  
  24  3:13  Marine x2  
  24  3:15  Hellion  
  28  3:22  SCV  
  28  3:29  Orbital Command  
  28  3:34  SCV  
  28  3:36  Hellion  
  31  3:44  Marine x2  
  33  3:49  SCV  
  33  3:53  Terran Infantry Weapons Level 1  
  34  3:56  SCV, Missile Turret  
  34  4:01  SCV  
  38  4:08  SCV  
  38  4:09  Barracks Tech Lab  
  37  4:11  Hellion x2  
  37  4:15  Starport  
  39  4:32  Hellion x2  
  39  4:53  Hellion, Marine  
  39  4:54  Hellion  
  42  5:11  Marine  
  39  5:15  Widow Mine  
  39  5:16  Widow Mine  
  39  5:20  SCV x2  
  45  5:25  Starport Reactor, Missile Turret  
  45  5:29  Marine  
  45  5:32  SCV x2  
  48  5:35  Barracks  
  48  5:36  Widow Mine, Barracks  
  48  5:37  Widow Mine, Barracks  
  48  5:38  Refinery, Barracks  
  48  5:39  Armory  
  52  5:44  SCV  
  52  5:45  SCV  
  46  6:01  Widow Mine x2  
  46  6:02  Marine  
  47  6:07  Medivac x2  
  46  6:19  Marine  
  46  6:23  Widow Mine  
  46  6:29  Supply Depot  
  46  6:30  Supply Depot x2  
  46  6:31  Supply Depot  
  46  6:32  Command Center, Supply Depot  
  46  6:49  Factory Reactor  
  46  6:51  SCV x2, Marine x4  
  52  6:55  Supply Depot  
  52  6:56  Supply Depot  
  52  7:02  Marine  
  52  7:03  SCV  
  52  7:06  SCV  
  55  7:09  Marine x4  
  55  7:12  Terran Infantry Armor Level 1  
  55  7:15  SCV, Terran Vehicle Weapons Level 1  
  60  7:16  Engineering Bay  
  60  7:17  Medivac  
  60  7:18  Medivac  
  60  7:19  SCV  
  65  7:25  Widow Mine x2  
  69  7:31  Factory  
  69  7:36  Refinery  
  69  7:38  Barracks Reactor  
  69  7:39  Barracks Tech Lab, Barracks  
  69  7:40  Barracks Reactor, Barracks Tech Lab  
  69  7:42  Marine  
  70  7:47  Widow Mine x2  
  64  8:00  Marine  
  64  8:02  Marine x2  
  61  8:08  Widow Mine  
  65  8:17  Factory Tech Lab  
  65  8:18  Marine  
  65  8:19  Marine, Medivac x2  
  70  8:20  Widow Mine, Marine x3  
  74  8:36  Marine  
  74  8:38  Marine  
  74  8:39  Drilling Claws  
  78  8:41  Widow Mine, Stimpack  
  78  8:43  Missile Turret  
  78  8:45  Missile Turret  
  78  8:49  Combat Shield  
  78  8:53  Marine x7  
  84  8:55  Marine  
  86  9:03  Widow Mine  
  84  9:10  Marine  
  84  9:11  Marine x6  
  84  9:13  Marine  
  92  9:22  Planetary Fortress  
  92  9:24  SCV x2  
  93  9:28  Marine  
  93  9:29  Marine  
  96  9:34  Factory Reactor  
  96  9:36  Barracks Reactor, SCV x2  
  98  9:38  Thor  
  98  9:40  Marine x2  
  98  9:43  Barracks Tech Lab  
  106  9:48  SCV  
  106  9:49  SCV  
  108  9:55  Refinery  
  108  9:59  SCV  
  109  10:00  SCV, Missile Turret  
  109  10:01  SCV  
  111  10:07  Refinery  
  111  10:08  Command Center  
  111  10:11  Widow Mine, SCV  
  111  10:12  Widow Mine, SCV  
  117  10:20  Supply Depot  
  117  10:21  Supply Depot  
  117  10:23  Supply Depot x2  
  117  10:28  Missile Turret  
  117  10:29  Missile Turret  
  117  10:42  Widow Mine x2, SCV x3  
  123  10:43  Marine  
  123  10:44  Marine x8  
  123  10:46  Supply Depot  
  123  10:47  Supply Depot  
  129  11:01  Marine x4  
Tags
 
Add a new tag
Caveats
  • Supply blocks, unpowered buildings, or Contaminate may cause inaccurate times.
  • Supply counts are checked every 10 seconds.